 Dungeon Crawl Stone Soup version 0.27-a0-379-g34d631faf5 (webtiles) character file.

Game seed: 4602227070665542845

87 Ankhboy the Bolt Thrower (level 4, 0/29 HPs)
             Began as a Halfling Hunter on Feb 17, 2021.
             Succumbed to a worker ant's poison
             ... on level 1 of the Dungeon.
             The game lasted 00:32:01 (1672 turns).

Ankhboy the Bolt Thrower (Halfling Hunter)          Turns: 1672, Time: 00:32:02

Health: 0/29       AC: 10    Str: 13    XL:     4   Next: 80%
Magic:  4/4        EV:  8    Int: 15    God:
Gold:   51         SH:  0    Dex: 15    Spells: 3/3 levels left

rFire    . . .     SeeInvis .   b - +0 short sword
rCold    . . .     Faith    .   (shield restricted)
rNeg     . . .     Spirit   .   j - +2 chain mail {rPois}
rPois    +         Reflect  .   (no helmet)
rElec    .         Harm     .   (no cloak)
rCorr    .         Rampage  .   (no gloves)
Will     .....                  (no boots)
Stlth    ..........             (no amulet)
HPRegen  0.09/turn              h - +6 ring of intelligence
MPRegen  0.09/turn              (no ring)

@: lethally poisoned (0 -> -6), hasted, very quick
A: small, mutation resistance 1
a: no special abilities


You were on level 1 of the Dungeon.
You visited 1 branch of the dungeon, and saw 2 of its levels.

You collected 51 gold pieces.

Inventory:

Hand Weapons
 a - a +1 hand crossbow
 b - a +0 short sword (weapon)
Missiles
 d - 34 bolts
 f - 7 curare-tipped darts (quivered)
 k - 2 throwing nets
 m - 6 boomerangs
Armour
 c - a +0 leather armour
 j - a +2 chain mail of poison resistance (worn)
Jewellery
 h - a +6 ring of intelligence (left hand)
Scrolls
 g - 2 scrolls of identify
 o - a scroll of teleportation {unknown}
Potions
 i - a potion of ambrosia {unknown}
 l - a potion of heal wounds {unknown}
 n - a potion of brilliance {unknown}
 p - a potion of mutation {unknown}


   Skills:
 + Level 2.0 Fighting
 + Level 1.2 Short Blades
 + Level 5.7 Crossbows
 + Level 0.4 Throwing
 + Level 0.9 Armour
 + Level 2.5 Dodging
 + Level 1.1 Stealth


You had 3 spell levels left.
You didn't know any spells.
Your spell library was empty.

Dungeon Overview and Level Annotations

Branches:
Dungeon (2/15)

Altars:


Innate Abilities, Weirdness & Mutations

You are small and have problems with some larger weapons.
You are somewhat resistant to further mutation.


Message History

You hit the worker ant but do no damage.
The worker ant is lightly wounded.
The worker ant misses you.
You hit the worker ant.
The worker ant is moderately wounded.
The worker ant bites you. x2
You closely miss the worker ant.
The worker ant is moderately wounded.
The worker ant bites you.
You hit the worker ant.
The worker ant is heavily wounded.
The worker ant bites you but does no damage.
You closely miss the worker ant.
The worker ant is heavily wounded.
The worker ant bites you but does no damage.
You hit the worker ant but do no damage.
The worker ant is heavily wounded.
The worker ant closely misses you. x2
You closely miss the worker ant.
The worker ant is moderately wounded.
The worker ant barely misses you.
You closely miss the worker ant.
The worker ant is moderately wounded.
The worker ant bites you.
Throw: 8 darts (curare)
Press: ? - help, Q - select action, (/) - cycle Shift-Dir - straight line, f/p - worker ant
Aim: a worker ant (moderately wounded, 56% to hit)
You throw a curare-tipped dart.
The curare-tipped dart closely misses the worker ant.
The worker ant bites you.
* * * LOW HITPOINT WARNING * * *
It was a potion of haste.
You feel yourself speed up. The worker ant bites you.
* * * LOW HITPOINT WARNING * * *
You are lethally poisoned!
The worker ant poisons you!
* * * LOW HITPOINT WARNING * * *
You feel sick. The worker ant closely misses you.
You climb upwards.
There is a stone staircase leading down here.
You die...

...†....# ####.######.#.###.##
####...## #........##.#.###.# #
##.## #.##.###.##.......# #.#
#.#...##.####.##### #.#
#(.....#.# #.# ##'## #........#
#.# ##...## #......#.# #.#
##.....######...>.##.# #.####
##..............@.B...# ##.##.##
#.........#.#.#..#.######.#....##
+................................
#..)......#.#.#..#.########....##
##..............##.# #.#..##
##.....#.#.#.#.##.# #.##.##
##...##.......##.## ##.##...
##'########.##...# #.....≈≈
#.########....#.# #.#..≈≈.


You could see a worker ant.

Vanquished Creatures
  2 adders (D:2)
  A worm (D:2)
  3 dart slugs
  2 orcs (D:2)
  13 bats
  4 giant cockroaches
  6 goblins
  5 hobgoblins
  4 jackals
  A quokka (D:2)
  A frilled lizard (D:1)
  7 kobolds
  6 rats
55 creatures vanquished.

Notes
Turn   | Place    | Note
-------+----------+-------------------------------------------
     0 | D:1      | Ankhboy the Halfling Hunter began the quest for the Orb.
     0 | D:1      | Reached XP level 1. HP: 14/14 MP: 1/1
    97 | D:1      | Reached XP level 2. HP: 19/19 MP: 2/2
   295 | D:1      | Reached skill level 5 in Crossbows
   336 | D:1      | Reached XP level 3. HP: 24/24 MP: 3/3
   790 | D:2      | Reached skill level 1 in Short Blades
   818 | D:2      | Noticed an orc warrior
   819 | D:2      | Reached XP level 4. HP: 29/29 MP: 4/4
  1670 | D:2      | HP: 1/29 [poisoned by a worker ant]
  1672 | D:1      | Succumbed to a worker ant's poison

Illustrated notes

Levels and vault maps discovered:
D:1:      moated_graveyard_arrival, layout_loops_corners, serial_glass,
          glass_columns_b, glass_columns_b, minmay_strange_pillars,
          minmay_pentomino_p2
D:2:      layout_loops_ring, feat_on_display

Skill      XL: |  1  2  3  4 |
---------------+-------------+-----
Crossbows      | 5 |  5.7
Short Blades   | 1 |  1.2
Fighting       | 2 |  2.0
Throwing       | |  0.4
Armour         | |  0.9
Dodging        | |  2.5
Stealth        | |  1.1

Action                   |  1- 3 |  4- 6 || total
-------------------------+-------+-------++-------
Melee: Short sword       |    29 |    21 ||    50
 Fire: Hand crossbow     |    38 |    46 ||    84
Throw: Dart              |     9 |     7 ||    16
  Use: Scroll            |     1 |       ||     1
       Potion            |       |     1 ||     1
 Stab: Sleeping          |     1 |       ||     1
Armor: Leather armour    |    11 |       ||    11
       Chain mail        |       |    14 ||    14
Dodge: Dodged            |    28 |    25 ||    53

Table legend: (Time is in decaauts)
 A = Elapsed time spent in this place.
 B = Non-inter-level travel time spent in this place.
 C = Inter-level travel time spent in this place.
 D = Time resting spent in this place.
 E = Time spent auto-exploring this place.
 F = Levels seen in this place.
 G = Mean time per level.
                   A        B        C        D        E       F      G
               +--------+--------+--------+--------+--------+-----+--------+
         Total |   1684 |   1684 |      0 |      0 |      0 |   2 |  842.0 |
       Dungeon |   1684 |   1684 |      0 |      0 |      0 |   2 |  842.0 |
               +--------+--------+--------+--------+--------+-----+--------+

Top non-repeatable levels by time:
     D:1: 928 daAuts
     D:2: 755 daAuts
